 Dungeon Crawl Stone Soup version 0.19-a0-1254-gb9c29c0 (webtiles) character file.

25 Gorice the Sneak (level 3, -3/19 HPs)
             Began as a Kobold Enchanter on Aug 27, 2016.
             Slain by a worm (9 damage)
             ... on level 2 of the Dungeon.
             The game lasted 00:02:35 (1205 turns).

Gorice the Sneak (Kobold Enchanter)                 Turns: 1205, Time: 00:02:36

Health: -3/19      AC:  7    Str:  7    XL:     3   Next: 20%
Magic:  2/6        EV: 12    Int: 13    God:
Gold:   85         SH:  0    Dex: 16    Spells: 1 memorised, 5 levels left

rFire  . . .     SeeInvis .     a - +1 dagger
rCold  . . .     Gourm    .     l - +2 ring mail {MR+}
rNeg   . . .     Faith    .     (shield restricted)
rPois  .         Spirit   .     (no helmet)
rElec  .         Dismiss  .     (no cloak)
rCorr  .         Reflect  .     (no gloves)
MR     +....     Harm     .     (no boots)
Stlth  ++........               (no amulet)
                                (no ring)
                                (no ring)

@: very slightly contaminated
A: carnivore 3
a: no special abilities


You were on level 2 of the Dungeon.
You were very full.

You visited 1 branch of the dungeon, and saw 2 of its levels.

You collected 85 gold pieces.

Inventory:

Hand Weapons
 a - a +1 dagger (weapon)
Missiles
 m - 10 poisoned needles
 Z - 17 stones (quivered)
Armour
 b - a +1 robe
 l - a +2 ring mail of magic resistance (worn)
   (You found it on level 1 of the Dungeon)
Scrolls
 e - a scroll of noise {unknown}
 f - a scroll of fog {unknown}
 g - 3 scrolls of enchant armour {unknown}
 h - a scroll of teleportation {unknown}
 j - 5 scrolls of identify {unknown}
 k - a scroll of remove curse {unknown}
Books
 c - a book of Maledictions
Comestibles
 d - a meat ration {!e}
 i - 2 chunks of flesh
 n - a beef jerky


   Skills:
 * Level 3.9 Short Blades
 - Level 2.4 Dodging
 - Level 4.0 Stealth
 - Level 2.0 Spellcasting
 - Level 3.0 Hexes


You had 5 spell levels left.
You knew the following spells:

 Your Spells              Type           Power        Failure   Level  Hunger
a - Corona                Hex            #......      28%         1    ##.....


Dungeon Overview and Level Annotations

Branches:
Dungeon (2/15)

Altars:
Dithmenos


Innate Abilities, Weirdness & Mutations

You are small and have problems with some larger weapons.
You are carnivorous and can eat meat at any time.


Message History

The worm bites you but does no damage.
You barely miss the worm.
The worm is lightly wounded.
Casting: Corona
Confirm with . or Enter, or press ? or * to list all spells.
Aiming: Corona
Press: ? - help, Shift-Dir - straight line, f/p - worm
Aim: a worm (lightly wounded, chance to defeat MR: 52%)
You miscast Corona.
Your skin tingles.
The worm closely misses you.
Casting: Corona
Confirm with . or Enter, or press ? or * to list all spells.
Aiming: Corona
Press: ? - help, Shift-Dir - straight line, f/p - worm
Aim: a worm (lightly wounded, chance to defeat MR: 52%)
You miscast Corona.
Multicoloured lights dance before your eyes!
Casting: Corona
Confirm with . or Enter, or press ? or * to list all spells.
Aiming: Corona
Press: ? - help, Shift-Dir - straight line, f/p - worm
Aim: a worm (lightly wounded, chance to defeat MR: 52%)
The worm struggles to resist.
The worm bites you.
Damage: 4 (max 5)
Casting: Corona
Confirm with . or Enter, or press ? or * to list all spells.
Aiming: Corona
Press: ? - help, Shift-Dir - straight line, f/p - worm
Aim: a worm (lightly wounded, chance to defeat MR: 52%)
The worm is outlined in light.
You hit the worm.
The worm is lightly wounded.
The worm bites you but does no damage.
You barely miss the worm.
The worm is lightly wounded.
You hit the worm.
The worm is lightly wounded.
The worm barely misses you.
You hit the worm.
The worm is moderately wounded.
You hit the worm.
The worm is moderately wounded.
The worm bites you.
* * * LOW HITPOINT WARNING * * *
Damage: 5 (max 5)
You hit the worm.
The worm is moderately wounded.
You hit the worm.
The worm is heavily wounded.
The worm bites you!
You die...

### #.# ..##.#
.....# #.#..#
#.#..#
.#.#.#.#..#########
..................b
.#.#.#.##w#######.#
#. #@......... #.
#..######.# #.
##.## #. #..# .#
#.####.####...#
#%............#
.........##....#
#######...#....#
#.#.#....#+#


You could see a worm.

Vanquished Creatures
  An adder (D:1)
  2 ball pythons
  4 bats (D:1)
  A giant cockroach (D:1)
  2 goblins (D:1)
  2 hobgoblins (D:1)
  A kobold (D:1)
  2 giant newts
15 creatures vanquished.

Notes
Turn   | Place    | Note
-------+----------+-------------------------------------------
     0 | D:1      | Gorice the Kobold Enchanter began the quest for the Orb.
     0 | D:1      | Reached XP level 1. HP: 10/10 MP: 3/3
    55 | D:1      | Reached skill level 2 in Short Blades
   169 | D:1      | Reached XP level 2. HP: 12/15 MP: 5/5
   248 | D:1      | Reached skill level 3 in Short Blades
   868 | D:2      | Found a shadowy altar of Dithmenos.
   887 | D:1      | Reached XP level 3. HP: 9/19 MP: 6/6
   904 | D:1      | HP: 5/19 [poisoned by an adder]
  1205 | D:2      | Slain by a worm

Vault maps used:
D:1:      evilmike_arrival_crescent
D:2:      grunt_dithmenos_smoke, nicolae_ashenzari_panopticon

Skill      XL: |  1  2 |
---------------+-------+-----
Short Blades   | 2 3 |  3.9
Dodging        | |  2.4
Stealth        | |  4.0
Spellcasting   | |  2.0
Hexes          | |  3.0

Action                   || total
-------------------------++-------
Melee: Dagger            ||    88
 Cast: Corona            ||     5
 Stab: Sleeping          ||     3
  Eat: Chunk             ||     9
Armor: Robe              ||    11
       Ring mail         ||     7
Dodge: Dodged            ||    75

Table legend:
 A = Turns spent in this place as a percentage of turns spent in the entire game.
 B = Non-inter-level travel turns spent in this place as a percentage of non-inter-level travel turns spent in the entire game.
 C = Inter-level travel turns spent in this place as a percentage of turns spent in this place.
 D = Turns resting spent in this place as a percentage of non-inter-level travel turns spent in this place.
 E = Turns spent auto-exploring this place as a percentage of non-inter-level travel turns spent in this place.
 F = Non-inter-level travel turns spent in this place divided by the number of levels of this place that you've seen.
                   A       B       C       D       E      F
               +-------+-------+-------+-------+-------+----------------------
         Total | 100.0 | 100.0 |   0.3 |   1.5 |   6.8 | 169.5
       Dungeon | 100.0 | 100.0 |   0.3 |   1.5 |   6.8 | 169.5
               +-------+-------+-------+-------+-------+----------------------

Vault maps used:
D:1:      evilmike_arrival_crescent
D:2:      grunt_dithmenos_smoke, nicolae_ashenzari_panopticon
